 Dungeon Crawl Stone Soup version 0.27-a0-951-gae3e1deef5 (webtiles) character file.

Game seed: 16748552706115891604

8 Alarkh the Insei (level 2, 21/21 HPs)
             Began as a Demonspawn Transmuter on Apr 11, 2021.
             Got out of the dungeon alive.
             The game lasted 00:00:15 (303 turns).

Alarkh the Insei (Demonspawn Transmuter)             Turns: 303, Time: 00:00:16

Health: 21/21      AC:  2    Str: 10    XL:     2   Next: 0%
Magic:  5/5        EV: 12    Int: 16    God:
Gold:   0          SH:  0    Dex: 13    Spells: 4/5 levels left

rFire    . . .     SeeInvis .     - Unarmed
rCold    . . .     Faith    .   (no shield)
rNeg     . . .     Spirit   .   a - +0 robe
rPois    .         Reflect  .   (no helmet)
rElec    .         Harm     .   (no cloak)
rCorr    .         Rampage  .   (no gloves)
Will     .....                  (no boots)
Stlth    +.........             (no amulet)
HPRegen  0.07/turn              (no ring)
MPRegen  0.09/turn              (no ring)

@: no status effects
A: big brain 1
a: no special abilities


You escaped.
You visited 1 branch of the dungeon, and saw 1 of its levels.

Inventory:

Armour
 a - a +0 robe (worn)
Jewellery
 b - a ring of fire
Scrolls
 c - a scroll of identify {unknown}
Potions
 d - a potion of might {unknown}


   Skills:
 + Level 1.2 Fighting
 - Level 1.7 Dodging
 * Level 2.9 Unarmed Combat
 + Level 2.1 Spellcasting
 + Level 1.9 Transmutations


You had 4 spell levels left.
You knew the following spells:

 Your Spells              Type           Power      Damage    Failure   Level
a - Beastly Appendage     Tmut           16%        N/A       9%          1

Your spell library contained the following spells:

 Spells                   Type           Power      Damage    Failure   Level
 Wereblood                Tmut           8%         N/A       14%         2
 Spider Form              Tmut/Pois      2%         N/A       38%         3
 Ice Form                 Ice/Tmut       4%         N/A       80%         4
 Hydra Form               Tmut           4%         N/A       94%         5


Dungeon Overview and Level Annotations

Branches:
Dungeon (1/15)

Altars:


Innate Abilities, Weirdness & Mutations

You have an unusually large brain. (Int +2)


Message History

No target in view!
No target in view!
No target in view!
No target in view!
No target in view!
No target in view!
No target in view!
No target in view!
No target in view!
Your horns disappear.
Your talons disappear.
d - a bubbling ruby potion A giant cockroach comes into view.
A giant cockroach is nearby!
Casting: Beastly Appendage (safe; 11% risk of failure)
Confirm with . or Enter, or press ? or * to list all spells.
You miscast Beastly Appendage.
You are very lightly contaminated with residual magic.
Nothing appears to happen.
The giant cockroach waves its antennae.
No target in view!
No target in view!
A giant cockroach is nearby!
Casting: Beastly Appendage (safe; 11% risk of failure)
Confirm with . or Enter, or press ? or * to list all spells.
You grow a pair of large bovine horns.
Your feet morph into talons.
Unknown command.
The giant cockroach closely misses you.
You barely miss the giant cockroach. You headbutt the giant cockroach.
You kill the giant cockroach!
You have reached level 2!
Your demonic ancestry asserts itself...
Your brain expands.
Unknown command.
Your magical contamination has completely faded away.
Your transformation is almost over.
Your horns disappear.
Your talons disappear.
Found a stone staircase leading down.
There is a staircase leading out of the dungeon here.
Are you sure you want to leave the Dungeon?
This will make you lose the game!
You have escaped!

# #...........###..≈
#
#...............≈≈≈≈
#
#................≈≈≈
#
###.............≈≈≈≈
# #...............≈≈
# ##...8.......≈≈.≈≈
# #.........8.≈≈≈≈≈
#(.........≈≈.≈≈≈
##.8...8.@≈≈≈.≈≈≈
#.......≈.≈≈≈≈≈≈
##......≈≈≈.≈≈≈≈≈
#.....≈.≈.≈≈≈≈≈≈≈
#≈≈.≈≈≈..≈≈≈≈≈≈≈≈
#≈≈≈..≈.≈≈≈≈≈≈≈≈≈
#≈≈≈≈≈≈≈≈≈≈≈≈≈≈≈≈
#≈≈≈≈≈≈≈≈≈≈≈≈≈≈≈≈
################


There were no monsters in sight!

Vanquished Creatures
  A giant cockroach (D:1)
  A goblin (D:1)
  4 jackals (D:1)
6 creatures vanquished.

Notes
Turn   | Place    | Note
-------+----------+-------------------------------------------
     0 | D:1      | Alarkh the Demonspawn Transmuter began the quest for the
                  | Orb.
     0 | D:1      | Reached XP level 1. HP: 15/15 MP: 3/3
   252 | D:1      | Gained mutation: You have an unusually large brain. (Int
                  | +2) [demonic ancestry]
   252 | D:1      | Reached XP level 2. HP: 18/21 MP: 1/5
   303 | D:$      | Got out of the dungeon alive.

Illustrated notes

Levels and vault maps discovered:
D:1:      nicolae_arrival_washed_ashore, layout_basic

Action                   || total
-------------------------++-------
Melee: Unarmed           ||    19
       Headbutt          ||     1
 Cast: Beastly Appendage ||     3
Armor: Robe              ||     2
Dodge: Dodged            ||    24

Table legend: (Time is in decaauts)
 A = Elapsed time spent in this place.
 B = Non-inter-level travel time spent in this place.
 C = Inter-level travel time spent in this place.
 D = Time resting spent in this place.
 E = Time spent auto-exploring this place.
 F = Levels seen in this place.
 G = Mean time per level.
                   A        B        C        D        E       F      G
               +--------+--------+--------+--------+--------+-----+--------+
         Total |    301 |    251 |     50 |      0 |    214 |   1 |  301.0 |
       Dungeon |    301 |    251 |     50 |      0 |    214 |   1 |  301.0 |
               +--------+--------+--------+--------+--------+-----+--------+

Top non-repeatable levels by time:
     D:1: 301 daAuts
